AoeStats
← Aquamoo♥

Arena

507603634Analyzed
3v3 RM · 13d ago on Sep 19, 2026· 53m 1s· 6 players
Game mode
Random Map
Map size
Normal (6 player)
Population
200
Speed
Normal
Resources
Standard
Victory
Conquest
Starting age
Dark Age
Ending age
Imperial Age
RankedLock teamsTeams togetherTeam positionsShared explorationLock speedFull tech treeHidden civsTurbo modeCheats
Victory
Defeat
🇪🇸 Cumans · Spain
1267
+12
🇪🇸 Turks · Spain
1168
+16
🇨🇴 Saracens · Colombia
1134
+17
🇺🇸 Teutons · United States
1207
-16
🇺🇸 Wu · United States
1189
-16
🇺🇸 Cumans · United States
1117
-13
NinjaEskimo012
5:12 Loom
8:32 Feudal Age
12:48 Double-Bit Axe
14:33 Horse Collar
18:24 Wheelbarrow
20:38 Town Watch
21:18 Bloodlines
23:13 Castle Age
21:21 Scale Barding Armor
21:26 Forging
21:33 Forging
21:56 Gold Mining
23:26 Light Cavalry
24:28 Chain Barding Armor
24:27 Heavy Plow
24:43 Bow Saw
25:08 Stone Mining
25:57 Gold Shaft Mining
26:54 Capped Ram
38:34 Iron Casting
46:03 Hand Cart
Lost Penguin
11:29 Feudal Age
16:06 Castle Age
14:30 Loom
18:26 Fletching
29:23 Loom
33:22 Wheelbarrow
42:39 Bodkin Arrow
43:23 Hand Cart
47:26 Imperial Age
45:42 Crossbowman
48:29 Crenellations
Aquamoo♥
7:22 Loom
11:28 Feudal Age
15:17 Castle Age
22:10 Scale Barding Armor
Ronny
10:07 Feudal Age
11:13 Man-at-Arms
23:44 Castle Age
23:24 Double-Bit Axe
23:21 Horse Collar
23:34 Gold Mining
25:19 Pikeman
28:14 Wheelbarrow
46:51 Hand Cart
51:17 Bloodlines
52:09 Loom
52:09 Town Watch
CanarioAOE
11:15 Feudal Age
11:25 Loom
15:16 Castle Age
14:18 Horse Collar
14:25 Double-Bit Axe
18:03 Gold Mining
25:08 Padded Archer Armor
24:59 Fletching
32:46 Imperial Age
31:53 Bloodlines
34:06 Gold Shaft Mining
34:57 Wheelbarrow
34:08 Town Watch
33:57 Heavy Camel Rider
36:51 Scale Barding Armor
36:57 Forging
39:11 Conscription
39:57 Chain Barding Armor
40:13 Iron Casting
40:01 Ballistics
40:01 Hand Cart
41:28 Plate Barding Armor
40:56 Town Patrol
54:40 Blast Furnace
jaiderreyes4
8:06 Loom
10:35 Feudal Age
12:57 Loom
15:25 Castle Age
13:41 Double-Bit Axe
14:00 Horse Collar
18:03 Wheelbarrow
30:39 Gold Mining
30:39 Stone Mining
32:50 Scale Barding Armor
32:56 Forging
34:09 Gold Shaft Mining
34:00 Chain Barding Armor
37:04 Imperial Age
35:36 Iron Casting
37:21 Hand Cart
38:30 Loom
40:09 Plate Barding Armor
42:22 Elite Mameluke
52:55 Spies/Treason
Connection lost

Rejoining the realm…

Still unreachable

The connection could not be restored.

Session expired

The server has moved on; the page needs a fresh start.